 Dungeon Crawl Stone Soup version 0.14.2 (webtiles) character file.

19738 Amnesiac the Prestidigitator (level 12, 0/62 HPs)
             Began as a Spriggan Fighter on Feb 11, 2018.
             Was an Elder of Nemelex Xobeh.
             Slain by a freezing wraith (4 damage)
             ... on Level 7 of the Dungeon.
             The game lasted 01:37:10 (29804 turns).

Amnesiac the Prestidigitator (Spriggan Fighter)    Turns: 29804, Time: 01:37:10

HP   0/62        AC 13     Str 14      XL: 12   Next: 38%
MP  31/31        EV 10     Int 11      God: Nemelex Xobeh [****..]
Gold 80          SH 16     Dex 17      Spells:  0 memorised, 11 levels left

rFire  . . .     SeeInvis +     m - +2 dagger (holy)
rCold  + . .     Clarity  .     I - +0 storm dragon armour
rNeg   . . .     Conserve .     c - +0 buckler (curse)
rPois  .         rCorr    .     (helmet restricted)
rElec  +         rRot     .     n - +0 cloak
SustAb . .       Spirit   .     (gloves unavailable)
rMut   .         Warding  .     (boots unavailable)
Saprov . . .     Stasis   .     r - amulet of faith
MR     ++...                    e - ring of protection from cold
                                G - ring of regeneration

@: heavily drained, very quick, very resistant to hostile enchantments, very
unstealthy
A: unfitting armour, see invisible, blink 1, herbivore 3, speed 3, slow
metabolism 2
a: Blink, Draw One, Peek at Two, Triple Draw, Deal Four, Renounce Religion


You were on level 7 of the Dungeon.
You worshipped Nemelex Xobeh.
Nemelex Xobeh was greatly pleased with you.
You were not hungry.

You visited 3 branches of the dungeon, and saw 14 of its levels.

You collected 1846 gold pieces.
You spent 1766 gold pieces at shops.

Inventory:

Hand weapons
 a - a +1,+1 dagger of venom
 b - a +0 blowgun
 m - a +2,+2 dagger of holy wrath (weapon)
 w - a +5,+2 dagger of protection
Missiles
 d - 6 poisoned needles
 g - 20 stones
 i - a throwing net
 o - 2 poisoned tomahawks (quivered)
Armour
 c - a cursed +0 buckler (worn)
 n - a +0 cloak (worn)
 I - a +0 storm dragon armour (worn)
Magical devices
 k - a wand of invisibility (5)
 s - a wand of digging (21)
Comestibles
 S - 15 cheeses
Scrolls
 l - 7 scrolls of teleportation {!r}
 t - a scroll of enchant armour {!r}
 u - 3 scrolls of remove curse {!r}
 E - a scroll of recharging {!r}
 M - a scroll of magic mapping {!r}
Jewellery
 e - a ring of protection from cold (right hand)
 f - an uncursed ring of ice
 r - an amulet of faith (around neck)
 C - an uncursed ring of fire
 G - a ring of regeneration (left hand)
Potions
 p - 2 potions of might {!q}
 q - a potion of resistance {!q}
Miscellaneous
 h - an ornate deck of escape {drawn: 1}
 v - a plain deck of escape {drawn: 1}


   Skills:
 - Level 6.5(5.2) Fighting
 - Level 8.0(6.6) Short Blades
 - Level 6.6(5.3) Armour
 - Level 8.0(6.6) Dodging
 - Level 8.0(6.6) Stealth
 + Level 8.2(6.8) Shields
 - Level 14.0(12.4) Evocations


You had 11 spell levels left.
You didn't know any spells.

Dungeon Overview and Level Annotations

Branches:
Dungeon (9/15)             Temple (1/1) D:6             Orc (4/4) D:9
    Elf (0/3) Orc:4
   Lair: D:8-11

Altars:
Ashenzari
Cheibriados
Dithmenos
Elyvilon
Fedhas
Kikubaaqudgha
Makhleb
Nemelex Xobeh
Okawaru
Sif Muna
Trog
Vehumet
Xom
Yredelemnul
Zin
The Shining One
Beogh

Shops:
Orc:3 (   Orc:4 :[(*

Annotations:
Orc:3 Saint Roka


Innate Abilities, Weirdness & Mutations

You are tiny and cannot use many weapons and most armour.
You have supernaturally acute eyesight.
You are a herbivore.
You cover ground extremely quickly.
You need consume almost no food.
You can translocate small distances at will.


Message History

The freezing wraith barely misses you. You block the freezing wraith's attack.
You hit the freezing wraith but do no damage.
The freezing wraith is heavily damaged.
You hit the freezing wraith but do no damage.
The freezing wraith is heavily damaged.
You block the freezing wraith's attack. x2
You hit the freezing wraith but do no damage.
The freezing wraith is heavily damaged.
You block the freezing wraith's attack.
The freezing wraith hits you but does no damage.
Your storm dragon armour prevents you from hitting the freezing wraith.
The freezing wraith is heavily damaged.
You hit the freezing wraith but do no damage.
The freezing wraith is heavily damaged.
You block the freezing wraith's attack. The freezing wraith hits you.
The freezing wraith drains your vigor!
You feel yourself slow down.
You hit the freezing wraith but do no damage.
The freezing wraith is heavily damaged.
The freezing wraith misses you.
The freezing wraith completely misses you.
You closely miss the freezing wraith.
The freezing wraith is heavily damaged.
The freezing wraith hits you. The freezing wraith freezes you! You resist.
* * * LOW HITPOINT WARNING * * *
The freezing wraith hits you.
* * * LOW HITPOINT WARNING * * *
You hit the freezing wraith.
The freezing wraith convulses!
The freezing wraith is almost destroyed.
The freezing wraith hits you.
* * * LOW HITPOINT WARNING * * *
The freezing wraith freezes you! You resist.
* * * LOW HITPOINT WARNING * * *
The freezing wraith hits you but does no damage.
You hit the freezing wraith but do no damage.
The freezing wraith is almost destroyed.
The freezing wraith hits you but does no damage. x2
You closely miss the freezing wraith.
The freezing wraith is almost destroyed.
You block the freezing wraith's attack. The freezing wraith hits you.
* * * LOW HITPOINT WARNING * * *
The freezing wraith drains your vigor!
You feel as though you will be slow longer.
* * * LOW HITPOINT WARNING * * *
You feel yourself speed up.
You closely miss the freezing wraith.
The freezing wraith is almost destroyed.
You hit the freezing wraith but do no damage.
The freezing wraith is almost destroyed.
You swing at nothing.
You hit the freezing wraith but do no damage.
The freezing wraith is almost destroyed.
The freezing wraith hits you!
* * * LOW HITPOINT WARNING * * *
The freezing wraith freezes you. You resist.
* * * LOW HITPOINT WARNING * * *
The freezing wraith barely misses you.
You swing at nothing.
You hit the freezing wraith but do no damage.
The freezing wraith is almost destroyed.
The freezing wraith hits you.
* * * LOW HITPOINT WARNING * * *
The freezing wraith freezes you. You resist.
You die...
Your body glows slightly and disappears.

###########################
...............W@.........#
.................#######..#
.#########.####..# #..# .#
#.# #..# #..# .# #.# #..#
#..# .# #.# #..# #..# .#
#.# #..# #..# .# #.# #..#
#..# .# #.# #..# #..#


You could see a freezing wraith.

Vanquished Creatures
  Snorg (Orc:1)
  Urug (Orc:1)
  Nergalle (Orc:4)
  An orc high priest (Orc:4)
  5 orc knights
  Pikel (D:9)
  3 orc sorcerers (Orc:4)
  2 cyclopes
  3 trolls
  A raiju (shapeshifter) (D:6)
  A two-headed ogre (D:7)
  A wyvern (D:9)
  4 yaks (D:9)
  A hill giant zombie (D:9)
  A deep elf mage (D:9)
  Eustachio (Orc:2)
  A wolf (D:7)
  4 necrophages (D:9)
  3 wargs
  26 orc warriors
  4 slaves (D:9)
  A water moccasin (D:9)
  A black bear (D:6)
  13 ogres
  5 phantoms
  An ice beast (D:8)
  2 giant goldfish (D:8)
  2 centaurs
  The ghost of Amnesiac the Charlatan, an average SpAr (D:3)
  4 giant frogs
  2 big kobolds
  7 killer bees
  2 scorpions
  An eye of draining (D:7)
  2 electric eels (D:8)
  2 yak skeletons (D:7)
  A hippogriff skeleton (D:7)
  7 hounds
  3 crimson imps
  2 quasits
  32 orc priests
  3 worker ants
  Crazy Yiuf (D:2)
  A basilisk zombie (D:7)
  2 iguanas
  A centaur skeleton (D:6)
  5 jellies
  A giant frog skeleton (D:7)
  An orange rat (D:7)
  41 orc wizards
  A mummy (D:7)
  Terence (D:2)
  A hound zombie (D:9)
  4 gnolls (D:4)
  5 green rats (D:7)
  9 adders
  A steam dragon zombie (D:9)
  A scorpion zombie (D:5)
  2 shadow imps (D:7)
  2 giant mites
  2 inept feature mimics
  5 worms
  4 orc zombies (Orc:4)
  A giant eyeball (D:8)
  2 giant geckos
  203 orcs
  13 bats
  26 goblins
  30 hobgoblins
  10 jackals
  2 quokkas (D:3)
  4 giant cockroaches
  5 giant newts
  A giant spore (D:7)
  29 kobolds
  2 orc skeletons
  25 rats
  A rat skeleton (D:6)
  A rat zombie (D:6)
  3 ballistomycetes (D:7)
  3 butterflies (D:3)
  A fungus (D:2)
613 creatures vanquished.

Vanquished Creatures (others)
  2 bushes (D:9)
  5 plants (D:9)
7 creatures vanquished.

Grand Total: 620 creatures vanquished

Notes
Turn   | Place    | Note
--------------------------------------------------------------
     0 | D:1      | Amnesiac, the Spriggan Fighter, began the quest for the Orb.
     0 | D:1      | Reached XP level 1. HP: 11/11 MP: 2/2
   237 | D:1      | Reached XP level 2. HP: 14/16 MP: 4/4
   605 | D:2      | Reached XP level 3. HP: 19/19 MP: 6/6
  1513 | D:2      | Noticed Terence
  1526 | D:2      | Reached skill level 5 in Dodging
  2011 | D:2      | Killed Terence
  2011 | D:2      | Reached XP level 4. HP: 13/23 MP: 8/8
  2455 | D:2      | Reached XP level 5. HP: 15/28 MP: 10/10
  2679 | D:2      | Noticed Crazy Yiuf
  2693 | D:2      | Killed Crazy Yiuf
  2793 | D:3      | Found a shimmering altar of Xom.
  3160 | D:3      | Noticed Amnesiac's ghost (average SpAr)
  3178 | D:3      | Killed Amnesiac's ghost
  3178 | D:3      | Reached skill level 5 in Stealth
  3178 | D:3      | Reached XP level 6. HP: 32/32 MP: 12/12
  3616 | D:4      | Found a radiant altar of Vehumet.
  3644 | D:4      | Reached skill level 6 in Stealth
  4138 | D:4      | Reached skill level 5 in Short Blades
  4351 | D:4      | Reached skill level 7 in Stealth
  4351 | D:4      | Reached XP level 7. HP: 36/36 MP: 14/14
  4639 | D:5      | Entered Level 5 of the Dungeon
  4742 | D:5      | Found a shadowy altar of Dithmenos.
  4979 | D:5      | Found a bloodstained altar of Trog.
  5326 | D:5      | Reached skill level 8 in Stealth
  5806 | D:6      | Found a staircase to the Ecumenical Temple.
  5850 | Temple   | Entered the Ecumenical Temple
  6073 | D:6      | Found a deep blue altar of Sif Muna.
  6437 | D:6      | Reached skill level 1 in Armour
  6929 | D:6      | Reached XP level 8. HP: 36/40 MP: 16/16
  7012 | D:7      | Reached skill level 1 in Evocations
  7370 | D:7      | Reached skill level 5 in Evocations
  8503 | D:7      | Found a glowing golden altar of the Shining One.
  9436 | D:7      | Noticed a two-headed ogre
  9455 | D:7      | Killed a two-headed ogre
  9626 | D:7      | Reached XP level 9. HP: 35/44 MP: 24/24
 11367 | D:8      | Found a staircase to the Lair.
 11938 | D:8      | Noticed a cyclops
 12092 | D:7      | Reached skill level 5 in Fighting
 12887 | D:8      | Found a shimmering altar of Xom.
 12890 | D:8      | Found an ancient bone altar of Kikubaaqudgha.
 12890 | D:8      | Noticed a guardian serpent
 13384 | D:9      | Reached skill level 5 in Shields
 13384 | D:9      | Reached XP level 10. HP: 34/51 MP: 25/25
 13702 | D:9      | Reached skill level 5 in Armour
 13795 | D:9      | Noticed Pikel
 13897 | D:9      | Killed Pikel
 13897 | D:9      | Reached skill level 9 in Evocations
 14080 | D:9      | HP: 2/51 [deep elf mage/orb of energy (26)]
 14817 | D:7      | Reached skill level 10 in Evocations
 15487 | D:8      | Killed a cyclops
 15487 | D:8      | Reached skill level 11 in Evocations
 15549 | D:8      | Paralysed by a giant eyeball for 3 turns
 15725 | D:8      | the staircase to the Lair was a mimic.
 15804 | D:8      | Found a shimmering altar of Xom.
 15807 | D:8      | Found an ancient bone altar of Kikubaaqudgha.
 16006 | D:8      | Reached skill level 12 in Evocations
 16914 | D:9      | Found a staircase to the Orcish Mines.
 17125 | D:9      | Reached skill level 13 in Evocations
 17266 | D:9      | Found a blossoming altar of Fedhas.
 17770 | D:9      | Reached XP level 11. HP: 47/55 MP: 30/30
 17963 | Orc:1    | Entered Level 1 of the Orcish Mines
 18497 | Orc:1    | Reached skill level 14 in Evocations
 18814 | Orc:2    | Noticed Eustachio
 19090 | Orc:2    | Noticed Urug
 19090 | Orc:2    | Noticed Snorg
 19104 | Orc:2    | HP: 1/55 [orc priest/divine providence (15)]
 19424 | Orc:2    | Killed Eustachio
 19508 | Orc:2    | Found an iron altar of Okawaru.
 20085 | Orc:1    | Killed Snorg
 20787 | Orc:1    | Killed Urug
 20857 | Orc:2    | Found a bloodstained altar of Trog.
 20977 | Orc:3    | Found Papneime's Weapon Shop.
 21601 | Orc:4    | Entered Level 4 of the Orcish Mines
 22073 | Orc:4    | Found a staircase to the Elven Halls.
 22684 | Orc:4    | Noticed an orc high priest
 22772 | Orc:4    | Gained mutation: You can translocate small distances at will. [potion of beneficial mutation]
 22894 | Orc:4    | Noticed Nergalle
 22910 | Orc:4    | Killed an orc high priest
 23151 | Orc:4    | Noticed a spectral orc warlord
 23223 | Orc:4    | Killed Nergalle
 23606 | Orc:4    | Noticed Saint Roka
 24160 | Orc:4    | Reached XP level 12. HP: 56/62 MP: 31/31
 26428 | Orc:4    | Found a roughly hewn altar of Beogh.
 26481 | Orc:4    | Found Apnaleas' Antique Weapon Shoppe.
 26621 | Orc:4    | Found Yjegae's Book Shoppe.
 26849 | D:6      | a guardian serpent changed into a baby alligator
 27487 | Orc:4    | Found Niosal's General Store.
 27511 | Orc:4    | Bought a cursed -2 ring of evasion for 20 gold pieces
 27511 | Orc:4    | Bought a wand of invisibility (5) for 90 gold pieces
 27521 | Orc:4    | Found Femp's Antique Armour Shoppe.
 27544 | Orc:4    | Bought a Necronomicon for 1656 gold pieces
 27692 | Temple   | Became a worshipper of Nemelex Xobeh the Trickster
 27803 | Temple   | Received a gift from Nemelex Xobeh
 27803 | Temple   | Acquired Nemelex Xobeh's first power
 27959 | D:1      | Acquired Nemelex Xobeh's second power
 28610 | D:4      | Acquired Nemelex Xobeh's third power
 28747 | D:4      | Received a gift from Nemelex Xobeh
 29380 | D:7      | Acquired Nemelex Xobeh's fourth power
 29804 | D:7      | Slain by a freezing wraith

Action                   |  1- 3 |  4- 6 |  7- 9 | 10-12 || total
-------------------------+-------+-------+-------+-------++-------
Melee: Cutlass           |   161 |       |       |       ||   161
       Dagger            |    19 |   220 |  1009 |  2755 ||  4003
       Trident           |       |       |     8 |       ||     8
 Fire: Sling             |       |       |     5 |       ||     5
       Blowgun           |       |       |    11 |    47 ||    58
Throw: Stone             |       |       |     2 |     3 ||     5
       Throwing net      |       |       |     1 |       ||     1
       Tomahawk          |       |       |       |     6 ||     6
Evoke: Wand              |       |     5 |    34 |     3 ||    42
       Deck              |       |       |       |     2 ||     2
  Use: Potion            |       |     1 |     2 |    11 ||    14
       Scroll            |       |       |    18 |     7 ||    25
 Stab: Sleeping          |       |     9 |    13 |       ||    22
